 Dungeon Crawl Stone Soup version 0.23.2-40-g277498a001 (webtiles) character file.

Game seed: 9847071706151684590

3028 Leekoo the Geomancer (level 9, 0/45 HPs)
             Began as a Gargoyle Earth Elementalist on Sept 29, 2019.
             Was a Follower of Sif Muna.
             Slain by a bullfrog (2 damage)
             ... on level 7 of the Dungeon on Sept 30, 2019.
             The game lasted 01:49:44 (11050 turns).

Leekoo the Geomancer (Gargoyle Earth Elementalist) Turns: 11050, Time: 01:49:45

Health: 0/45       AC: 16    Str: 12    XL:     9   Next: 85%
Magic:  13/18      EV: 12    Int: 19    God:    Sif Muna [*.....]
Gold:   342        SH:  0    Dex: 12    Spells: 5/20 levels left

rFire    + . .     SeeInvis .   q - +2 halberd (chop)
rCold    + + .     Gourm    .   (shield currently unavailable)
rNeg     + . .     Faith    .   D - +2 robe {rC+}
rPois    ∞         Spirit   .   C - +0 helmet
rElec    +         Reflect  .   a - scarf {rC+ rF+}
rCorr    .         Harm     .   v - +0 pair of gloves
MR       .....                  o - +2 pair of boots
Stlth    +++.......             (no amulet)
HPRegen  0.15/turn              e - +2 ring of dexterity
MPRegen  0.16/turn              (no ring)

@: marked
A: negative energy resistance 1, electricity resistance, unbreathing,
petrification resistance, rot immunity, AC +6
a: Divine Energy, Renounce Religion


You were on level 7 of the Dungeon.
You worshipped Sif Muna.
Sif Muna was aware of your devotion.
You were hungry.

You visited 2 branches of the dungeon, and saw 9 of its levels.

You collected 342 gold pieces.

Inventory:

Hand Weapons
 i - a +3 hand axe of freezing
 k - a +0 hunting sling
 q - a +2 halberd of chopping (weapon)
Missiles
 b - 119 sling bullets
 g - 18 stones (quivered)
 j - 27 poisoned needles
 B - 4 tomahawks
Armour
 a - a scarf of resistance (worn)
 o - a +2 pair of boots (worn)
 v - a +0 pair of gloves (worn)
 C - a +0 helmet (worn)
 D - a +2 robe of cold resistance (worn)
Jewellery
 e - a +2 ring of dexterity (left hand)
Wands
 n - a wand of flame (20)
 x - a wand of paralysis (9)
 z - a wand of disintegration (9)
Scrolls
 f - a scroll of enchant armour {unknown}
 m - 3 scrolls of teleportation
 r - a scroll of enchant weapon {unknown}
 t - a scroll of magic mapping {unknown}
 u - a scroll of amnesia {unknown}
 w - a scroll of fog
 y - 2 scrolls of remove curse
 G - a scroll of vulnerability {unknown}
Potions
 c - a potion of degeneration {unknown}
 h - 3 potions of heal wounds
 l - a potion of agility {unknown}
 p - 2 potions of curing
 s - a potion of ambrosia {unknown}
 A - a potion of lignification {unknown}
 E - 2 potions of might {unknown}
 F - a potion of berserk rage {unknown}
 I - a potion of mutation {unknown}
Comestibles
 d - 7 rations


   Skills:
 - Level 5.0 Armour
 + Level 1.9 Dodging
 + Level 6.4 Stealth
 + Level 6.3 Spellcasting
 - Level 3.8 Conjurations
 + Level 3.2 Transmutations
 * Level 9.4 Earth Magic


You had 5 spell levels left.
You knew the following spells:

 Your Spells              Type           Power        Failure   Level  Hunger
a - Sandblast             Erth           #####.       1%          1    None
b - Stone Arrow           Conj/Erth      ####..       1%          3    ##.....
c - Petrify               Tmut/Erth      ####....     8%          4    ####...
d - Passwall              Tmut/Erth      ####....     1%          2    None
e - Lee's Rapid Deconstr  Erth           #####.....   6%          5    #####..

Your spell library contained the following spells:

 Spells                   Type           Power        Failure   Level  Hunger


Dungeon Overview and Level Annotations

Branches:
Dungeon (8/15)             Temple (1/1) D:6            Lair (0/6) D:8

Altars:
Dithmenos
Qazlal
Sif Muna
Uskayaw
Xom

Annotations:
D:8 Harold


Innate Abilities, Weirdness & Mutations

You are resistant to torment.
Your stone body is resilient. (AC +6)
You are immune to poison.
You resist negative energy. (rN+)
You are resistant to electric shocks. (rElec)
You can survive without breathing.
You are immune to petrification.
You are immune to rotting.


Message History

The bullfrog hits you but does no damage.
The bullfrog barely misses you. The bullfrog hits you.
* * * LOW HITPOINT WARNING * * *
You continue meditating on the rock.
The bullfrog hits you.
* * * LOW HITPOINT WARNING * * *
The bullfrog hits you but does no damage.
The bullfrog closely misses you.
You finish merging with the rock.
Casting: Passwall (safe; 1% risk of failure)
Confirm with . or Enter, or press ? or * to list all spells.
Aiming: Passwall (safe; 1% risk of failure)
Press: ? - help, Dir - move target cursor A rock wall.
You begin to meditate on the wall.
You continue meditating on the rock.
The bullfrog misses you.
You continue meditating on the rock.
The bullfrog hits you but does no damage.
The bullfrog hits you.
You die...

..#...#............#........##
................>............#
........###..................#
........# ##.....##..........#
........# #.....##..........#
.......## #.....##..........#
.##...## #.....#..........##
####### ##...F.#.##......##
###########..>##@..###.#####
......>........F...###.#
.......................#
#............###...#####
#..##........# #####
..###........# ..##.........#
.............# ....##.......#


You could see 2 bullfrogs.

Vanquished Creatures
  Joseph (D:7)
  Grinder (D:4)
  Eustachio (D:4)
  A hungry ghost (D:8)
  A water moccasin (D:6)
  A porcupine (D:8)
  An ice beast (D:5)
  2 sky beasts
  5 ogres
  A big kobold (D:7)
  2 bullfrogs
  A water moccasin zombie (D:8)
  2 crimson imps (D:6)
  A centaur zombie (D:7)
  A quasit (D:7)
  A centaur skeleton (D:4)
  4 orc priests
  4 hounds
  Terence (D:2)
  6 orc wizards
  8 worker ants
  A killer bee zombie (D:6)
  A hound zombie (D:8)
  A worker ant zombie (D:5)
  6 adders
  7 gnolls
  A shadow imp (D:7)
  An ooze (D:3)
  An adder skeleton (D:7)
  A worm (D:2)
  4 dart slugs
  8 leopard geckos
  18 orcs
  3 ball pythons
  13 bats
  5 giant cockroaches
  8 goblins
  4 hobgoblins
  4 jackals (D:3)
  A quokka (D:6)
  6 frilled lizards
  A jackal skeleton (D:7)
  15 kobolds
  A leopard gecko skeleton (D:6)
  A leopard gecko zombie (D:7)
  9 rats
167 creatures vanquished.

Vanquished Creatures (others)
  7 fungi (D:8)
  2 plants (D:8)
9 creatures vanquished.

Grand Total: 176 creatures vanquished

Notes
Turn   | Place    | Note
-------+----------+-------------------------------------------
     0 | D:1      | Leekoo the Gargoyle Earth Elementalist began the quest for
                  | the Orb.
     0 | D:1      | Reached XP level 1. HP: 10/10 MP: 3/3
   160 | D:1      | Reached XP level 2. HP: 14/15 MP: 3/5
   684 | D:1      | Reached skill level 4 in Earth Magic
   798 | D:1      | Reached skill level 1 in Armour
   798 | D:1      | Reached XP level 3. HP: 14/19 MP: 3/6
   882 | D:1      | Learned a level 3 spell: Stone Arrow
  1559 | D:2      | Noticed Terence
  1918 | D:2      | Reached XP level 4. HP: 24/24 MP: 5/8
  2496 | D:3      | Reached skill level 1 in Conjurations
  2970 | D:2      | Reached XP level 5. HP: 28/28 MP: 7/9
  3268 | D:2      | Killed Terence
  3268 | D:2      | Reached skill level 5 in Earth Magic
  3733 | D:4      | Reached XP level 6. HP: 32/32 MP: 1/11
  4701 | D:3      | Noticed a fire elemental
  4703 | D:3      | Found a stormy altar of Qazlal.
  4704 | D:3      | Noticed an air elemental
  4704 | D:3      | Noticed a water elemental
  5071 | D:4      | Noticed Eustachio
  5091 | D:4      | Learned a level 4 spell: Petrify
  5094 | D:4      | Learned a level 2 spell: Passwall
  5162 | D:4      | Reached XP level 7. HP: 36/36 MP: 9/13
  5166 | D:4      | Reached skill level 6 in Earth Magic
  5364 | D:4      | Noticed Grinder
  5366 | D:4      | Paralysed by Grinder for 5 turns
  5390 | D:5      | Entered Level 5 of the Dungeon
  5802 | D:4      | Killed Grinder
  5802 | D:4      | Reached skill level 1 in Transmutations
  6047 | D:4      | Reached XP level 8. HP: 38/41 MP: 13/15
  6410 | D:4      | Killed Eustachio
  6496 | D:4      | Reached skill level 5 in Spellcasting
  6496 | D:4      | Reached skill level 7 in Earth Magic
  6623 | D:5      | You fall through a shaft!
  8009 | D:5      | Reached skill level 5 in Stealth
  8170 | D:6      | Learned a level 5 spell: Lee's Rapid Deconstruction
  8284 | D:6      | Reached XP level 9. HP: 45/45 MP: 15/17
  8303 | D:6      | Found a staircase to the Ecumenical Temple.
  8314 | Temple   | Entered the Ecumenical Temple
  8318 | Temple   | Became a worshipper of Sif Muna the Loreminder
  8548 | D:7      | Reached skill level 8 in Earth Magic
  9525 | D:7      | Noticed Joseph
 10005 | D:7      | Found a shadowy altar of Dithmenos.
 10108 | D:8      | Reached * piety under Sif Muna
 10377 | D:7      | Killed Joseph
 10377 | D:7      | Reached skill level 5 in Armour
 10377 | D:7      | Reached skill level 9 in Earth Magic
 10873 | D:7      | Found a shimmering altar of Xom.
 11016 | D:8      | Noticed Harold
 11027 | D:8      | Found a staircase to the Lair.
 11047 | D:7      | HP: 1/45 [bullfrog (2)]
 11050 | D:7      | Slain by a bullfrog

Skill      XL: |  1  2  3  4  5  6  7  8  9 |
---------------+----------------------------+-----
Earth Magic    | 4 5 6 7 9 |  9.4
Armour         | 1 2 3 4 5 |  5.0
Conjurations   | 1 2 3 |  3.8
Spellcasting   | 3 4 5 6 |  6.3
Stealth        | 3 4 5 6 |  6.4
Transmutations | 1 2 3 |  3.2
Dodging        | |  1.9

Action                   |  1- 3 |  4- 6 |  7- 9 || total
-------------------------+-------+-------+-------++-------
Melee: Club              |    18 |       |       ||    18
       Hand axe          |       |    37 |     6 ||    43
       Halberd           |       |       |   200 ||   200
 Fire: Hunting sling     |       |     5 |       ||     5
 Cast: Sandblast         |    48 |    41 |    48 ||   137
       Stone Arrow       |     4 |    40 |    50 ||    94
       Passwall          |       |       |    11 ||    11
       Petrify           |       |       |    18 ||    18
       Lee's Rapid Decon |       |       |     6 ||     6
  Use: Scroll            |     3 |     4 |     5 ||    12
 Stab: Sleeping          |     1 |       |       ||     1
       Petrified         |       |       |    48 ||    48
       Petrifying        |       |       |     1 ||     1
  Eat: Chunk             |     4 |    14 |    20 ||    38
       Ration            |       |       |     2 ||     2
Armor: Robe              |     4 |    16 |   140 ||   160
Dodge: Dodged            |    16 |    58 |   119 ||   193
